Map: Deathaura LE

Players

HoboWizard

  • Race: Protoss Protoss
  • League: Gold
  • Spawn Location: 5:00

Polarity - Winner!

  • Race: Terran Terran
  • League: Diamond
  • Spawn Location: 11:00

VOD

Have the link to the VOD?

Description

Time

  • Played on: Sept. 6, 2020, 9:04 p.m.
  • Length: 19:59
Show
View Real Time Build Order
Export as new Build Order

HoboWizard Protoss 

Build Orders: Chargelot Immortal 

Get SALT Encoding   

  12  0:00  Probe  
  13  0:15  Pylon  
  13  0:16  Probe  
  14  0:28  Probe  
  15  0:37  Gateway  
  15  0:41  Probe  
  16  0:48  Assimilator  
  16  0:53  Probe  
  17  1:03  Pylon  
  17  1:05  Probe  
  18  1:17  Probe  
  19  1:29  Probe  
  20  1:46  Nexus  
  20  1:51  Cybernetics Core  
  20  1:52  Pylon  
  20  2:01  Zealot  
  22  2:09  Probe  
  22  2:10  Assimilator  
  23  2:21  Probe  
  24  2:27  Gateway  
  24  2:34  Probe (Chrono Boost)  
  24  2:36  Stalker (Chrono Boost)  
  25  2:37  Warp Gate  
  28  2:44  Probe (Chrono Boost)  
  28  2:52  Probe (Chrono Boost)  
  29  2:59  Sentry  
  29  3:03  Probe (Chrono Boost)  
  33  3:06  Probe (Chrono Boost)  
  33  3:12  Probe (Chrono Boost)  
  35  3:14  Probe (Chrono Boost)  
  35  3:19  Probe x2 (Chrono Boost)  
  36  3:22  Twilight Council  
  36  3:25  Zealot  
  39  3:31  Probe x2  
  41  3:45  Probe x2  
  39  3:52  Stalker x2  
  42  3:57  Probe (Chrono Boost)  
  42  3:59  Probe (Chrono Boost)  
  43  4:08  Probe (Chrono Boost)  
  42  4:20  Charge  
  42  4:22  Stalker  
  44  4:32  Probe x2  
  46  4:40  Nexus  
  46  4:44  Probe  
  47  4:51  Probe, Robotics Facility  
  48  4:56  Probe  
  49  5:03  Probe  
  50  5:08  Probe  
  50  5:12  Gateway  
  50  5:13  Gateway  
  51  5:15  Probe  
  51  5:16  Zealot  
  51  5:17  Pylon  
  54  5:24  Pylon  
  54  5:28  Pylon  
  54  5:30  Assimilator  
  54  5:33  Pylon  
  54  5:35  Probe x2  
  56  5:36  Assimilator  
  56  5:47  Probe x2, Stalker x2  
  62  5:51  Observer  
  63  6:06  Gateway  
  63  6:08  Gateway  
  63  6:10  Gateway  
  63  6:13  Zealot x2, Observer  
  68  6:26  Zealot x2  
  68  6:29  Probe (Chrono Boost)  
  68  6:30  Probe x2 (Chrono Boost)  
  75  6:34  Immortal  
  79  6:41  Probe (Chrono Boost)  
  79  6:42  Probe (Chrono Boost)  
  79  6:43  Probe (Chrono Boost)  
  79  6:45  Forge  
  82  6:47  Probe (Chrono Boost)  
  82  6:48  Probe x2 (Chrono Boost)  
  82  6:51  Templar Archives  
  85  7:03  Gateway  
  85  7:04  Gateway  
  85  7:06  Gateway  
  83  7:11  Zealot x5  
  83  7:13  Immortal  
  83  7:14  Forge  
  96  7:21  Zealot x2  
  97  7:32  Zealot  
  97  7:34  Probe x2, Psionic Storm  
  101  7:42  Protoss Ground Weapons Level 1 (Chrono Boost)  
  101  7:51  Protoss Shields Level 1 (Chrono Boost)  
  101  7:58  Pylon  
  101  7:59  Pylon  
  101  8:02  Pylon  
  101  8:05  Pylon  
  101  8:12  Probe  
  101  8:13  Probe  
  101  8:14  Probe  
  101  8:16  Immortal  
  101  8:24  Probe  
  101  8:25  Probe  
  101  8:26  Probe  
  99  8:32  Stalker x5  
  102  8:36  Probe  
  102  8:38  Probe  
  102  8:39  Probe  
  101  8:48  Probe  
  101  8:50  Probe  
  101  8:55  Immortal  
  107  9:09  Photon Cannon  
  107  9:13  Photon Cannon x2  
  101  9:30  Probe x2 (Chrono Boost)  
  104  9:31  Probe (Chrono Boost)  
  104  9:39  Protoss Ground Armor Level 1  
  104  9:40  Probe x3 (Chrono Boost)  
  95  9:47  High Templar x2  
  95  9:48  Robotics Bay  
  95  9:51  Zealot x6  
  95  9:52  Zealot  
  109  9:54  Archon  
  109  10:12  Zealot x8  
  125  10:14  Probe  
  125  10:15  Probe  
  127  10:30  Nexus  
  127  10:33  Pylon  
  127  10:50  Zealot x3  
  133  11:01  Pylon  
  133  11:02  Pylon  
  133  11:03  Pylon  
  133  11:05  Pylon  
  133  11:06  Pylon  
  133  11:09  Pylon  
  133  11:10  Pylon  
  101  11:43  Zealot x3  
  101  11:44  Zealot x7  
  111  12:00  Probe (Chrono Boost)  
  111  12:01  Probe x2 (Chrono Boost)  
  114  12:03  Probe (Chrono Boost)  
  114  12:06  Zealot x6  
  130  12:11  Probe (Chrono Boost), Extended Thermal Lance  
  130  12:12  Probe x3 (Chrono Boost)  
  131  12:16  Probe (Chrono Boost)  
  131  12:18  Colossus  
  131  12:19  Probe  
  131  12:20  Probe x2  
  141  12:27  Probe  
  141  12:28  Zealot x4  
  150  12:32  Probe x3  
  153  12:39  Probe  
  153  12:44  Probe x3  
  155  12:47  Zealot x3  
  155  12:50  High Templar x3  
  169  12:51  High Templar  
  169  12:54  Nexus  
  169  12:57  Pylon  
  169  12:58  Archon  
  171  12:59  Archon  
  171  13:00  Pylon  
  119  13:31  Zealot x7  
  119  13:32  Zealot x3  
  135  13:42  Colossus (Chrono Boost)  
  135  13:48  Protoss Ground Weapons Level 2 (Chrono Boost), Protoss Ground Armor Level 2 (Chrono Boost)  
  135  14:05  Assimilator  
  135  14:08  Probe x4, Assimilator  
  139  14:13  Zealot x4  
  139  14:14  Zealot  
  149  14:20  Probe x4  
  153  14:29  Colossus  
  159  14:32  Probe x2  
  159  14:42  Zealot x6  
  159  14:43  Zealot x4  
  171  15:14  Zealot x5  
  171  15:15  Zealot x5  
  191  15:23  Immortal  
  195  15:39  Assimilator  
  195  15:42  Zealot x2  
  199  15:45  Assimilator  
  197  16:02  Immortal  
  189  16:08  Zealot x2  
  189  16:09  Zealot x8  
  189  16:11  Nexus  
  187  16:13  Pylon  
  187  16:14  Pylon, Protoss Shields Level 2  
  136  16:41  Immortal  
  136  16:44  Zealot x10  
  160  17:00  Photon Cannon  
  160  17:02  Photon Cannon  
  160  17:04  Photon Cannon  
  160  17:06  Zealot x2  
  160  17:07  Zealot x8  
  147  17:27  Stalker x7  
  147  17:28  Stalker x3  
  164  17:40  Observer (Chrono Boost)  
  163  17:55  Observer (Chrono Boost)  
  162  18:12  Colossus (Chrono Boost)  
  162  18:23  Probe x4  
  162  18:29  Zealot x10  
  178  18:35  Probe x2  
  180  18:59  Colossus (Chrono Boost)  
Show
View Real Time Build Order
Export as new Build Order

Polarity Terran - Winner!

Build Orders:  

Get SALT Encoding   

  12  0:00  SCV  
  13  0:12  SCV  
  14  0:19  Supply Depot  
  14  0:24  SCV  
  15  0:31  Refinery  
  15  0:40  SCV  
  16  0:47  Barracks  
  16  0:52  SCV  
  17  1:04  SCV  
  18  1:16  SCV  
  19  1:28  SCV  
  20  1:38  Command Center  
  20  1:41  SCV  
  21  1:51  Barracks Reactor  
  21  2:02  Orbital Command, Barracks  
  21  2:20  Refinery  
  21  2:22  Supply Depot  
  21  2:28  Reaper, Marine  
  23  2:38  Factory  
  23  2:43  SCV  
  24  2:49  Marine  
  25  2:54  Barracks Tech Lab  
  25  2:55  SCV  
  26  3:00  Marine  
  26  3:01  Orbital Command  
  27  3:09  Marine  
  27  3:12  SCV  
  29  3:18  Marine  
  29  3:19  Barracks  
  30  3:27  SCV  
  31  3:39  SCV  
  30  4:10  SCV  
  30  4:18  Barracks Tech Lab  
  30  4:19  Factory Tech Lab  
  30  4:21  Starport  
  30  4:22  SCV, Combat Shield  
  30  4:23  Marauder, Marine x2  
  35  4:25  Factory  
  35  4:28  SCV  
  36  4:37  SCV  
  37  4:40  SCV, Command Center  
  37  4:44  Marauder, Refinery  
  40  4:49  SCV  
  40  4:50  Bunker  
  40  4:52  SCV  
  42  4:54  Marine  
  42  4:56  Concussive Shells  
  43  5:04  SCV  
  43  5:06  Marauder  
  46  5:13  Supply Depot  
  46  5:14  Engineering Bay  
  46  5:17  Starport Reactor  
  46  5:21  Factory Tech Lab  
  46  5:27  Barracks  
  46  5:28  Supply Depot  
  46  5:35  SCV  
  47  5:41  Marine x2  
  47  5:42  Marauder  
  53  5:43  Marauder  
  53  5:47  SCV  
  53  5:49  Siege Tank x2  
  60  5:56  Orbital Command  
  60  5:59  SCV  
  60  6:01  SCV  
  60  6:04  Marauder x2  
  66  6:05  Supply Depot  
  66  6:08  Terran Infantry Weapons Level 1  
  66  6:11  SCV  
  67  6:14  SCV, Supply Depot  
  67  6:18  Liberator  
  71  6:23  SCV, Liberator  
  75  6:31  SCV  
  76  6:34  SCV  
  76  6:35  SCV  
  78  6:43  SCV  
  78  6:46  SCV  
  80  6:47  SCV  
  80  6:49  Sensor Tower  
  80  6:53  Missile Turret  
  80  6:55  SCV  
  80  6:59  SCV  
  80  7:07  SCV  
  80  7:11  SCV  
  81  7:19  SCV  
  82  7:23  SCV  
  83  7:31  SCV  
  83  7:32  Sensor Tower  
  83  7:36  SCV  
  85  7:43  SCV  
  85  7:44  Medivac x2, Command Center  
  86  7:45  Siege Tank  
  93  7:58  Missile Turret  
  93  8:05  Refinery  
  93  8:14  Supply Depot  
  93  8:35  Marine x2  
  93  8:36  SCV x2, Marauder x2  
  101  8:44  SCV  
  101  8:48  SCV x2  
  101  8:53  Marine  
  101  8:54  Armory  
  99  8:56  SCV  
  99  8:57  Marauder  
  99  9:00  SCV  
  102  9:09  SCV  
  101  9:17  Planetary Fortress  
  90  9:19  Marauder  
  90  9:20  Refinery  
  89  9:26  Orbital Command  
  89  9:33  Missile Turret  
  89  9:41  Siege Tank x2  
  91  9:56  SCV  
  91  9:58  SCV  
  93  10:03  Barracks Reactor  
  93  10:04  Marine  
  93  10:05  Marine  
  93  10:06  Marauder  
  97  10:08  SCV, Marauder  
  97  10:09  Stimpack  
  97  10:11  SCV  
  97  10:12  Factory  
  101  10:14  Engineering Bay  
  101  10:16  Supply Depot  
  101  10:22  Marine x2  
  101  10:23  SCV, Viking, Starport  
  101  10:28  Marauder  
  108  10:29  Marauder  
  108  10:35  SCV  
  111  10:40  Marine x2  
  111  10:41  SCV  
  114  10:47  SCV  
  114  10:49  Marauder  
  117  10:50  Marauder  
  117  10:53  SCV  
  120  10:57  Barracks  
  120  10:59  SCV  
  121  11:05  SCV  
  121  11:10  Marauder  
  121  11:11  SCV  
  121  11:12  Marauder  
  113  11:23  SCV  
  104  11:32  Marauder  
  100  11:33  Marauder  
  100  11:35  SCV  
  87  11:47  SCV  
  88  11:59  SCV  
  88  12:00  Barracks Tech Lab  
  89  12:03  Barracks  
  89  12:04  Factory  
  89  12:07  Starport Tech Lab  
  89  12:08  Viking  
  89  12:09  Viking, Marauder  
  89  12:12  SCV, Thor x2  
  89  12:13  Marine  
  109  12:34  Refinery  
  109  12:43  Supply Depot  
  109  12:44  Marine x4  
  109  12:45  Missile Turret, Marauder x2, Terran Infantry Armor Level 1, Terran Infantry Weapons Level 2  
  109  12:47  Factory Tech Lab  
  109  12:50  Supply Depot  
  117  13:00  Drilling Claws  
  117  13:04  Marine x4  
  117  13:05  SCV  
  122  13:06  Marauder x2  
  122  13:10  Thor  
  124  13:17  SCV  
  109  13:22  Marine x4  
  107  13:27  Marauder  
  107  13:28  Marauder  
  107  13:29  SCV  
  108  13:40  Marine x2  
  108  13:41  SCV  
  109  13:49  Marauder x2  
  109  13:50  Factory Tech Lab  
  109  13:53  SCV  
  114  14:01  Thor x2  
  125  14:05  Cloaking Field, Banshee  
  128  14:10  Marauder x2  
  132  14:20  Smart Servos  
  132  14:23  Barracks Tech Lab  
  121  15:12  Siege Tank  
  123  15:15  Marauder  
  123  15:17  SCV, Barracks  
  126  15:23  SCV  
  126  15:25  Refinery  
  127  15:28  Terran Vehicle Weapons Level 1  
  127  15:35  SCV  
  127  15:36  Marauder  
  127  15:37  Missile Turret  
  127  15:39  SCV  
  130  15:45  Missile Turret, Siege Tank  
  133  15:57  SCV  
  66  16:45  Banshee  
  69  16:48  Command Center  
  69  16:50  SCV  
  32  17:28  Banshee  
  30  17:38  Marauder x2, Marine  
  30  17:39  Marine  
  34  17:45  Command Center  
  34  17:49  Siege Tank  
  36  17:56  Marine x2  
  38  17:59  Marauder  
  38  18:00  Marauder  
  39  18:20  Marauder  
  39  18:21  Marauder  
  30  18:40  Widow Mine  
  2  19:12  SCV  
  2  19:24  SCV  
  3  19:38  SCV  
Tags
 
Add a new tag
Caveats
  • Supply blocks, unpowered buildings, or Contaminate may cause inaccurate times.
  • Supply counts are checked every 10 seconds.